Map: Dédale EC

Players

Vinokour - Winner!

  • Race: Terran Terran
  • League: Diamond
  • Spawn Location: 7:00

HoldTheDoor

  • Race: Protoss Protoss
  • League: Diamond
  • Spawn Location: 1:00

VOD

Have the link to the VOD?

Description

Time

  • Played on: July 16, 2018, 8:47 a.m.
  • Length: 10:41
Show
View Real Time Build Order
Export as new Build Order

Vinokour Terran - Winner!

Build Orders: Reaper Expand, MMM Bio 

Get SALT Encoding   

  12  0:00  SCV  
  13  0:12  SCV  
  14  0:17  Supply Depot  
  14  0:25  SCV  
  15  0:39  SCV  
  15  0:40  Barracks  
  16  0:44  Refinery  
  16  0:51  SCV  
  17  1:03  SCV  
  18  1:15  SCV  
  19  1:28  Reaper, Orbital Command  
  20  1:45  Command Center  
  20  1:57  Barracks  
  20  1:59  SCV  
  20  2:08  Barracks  
  20  2:11  SCV  
  21  2:18  Supply Depot  
  21  2:21  Barracks Reactor  
  21  2:26  SCV  
  22  2:38  SCV  
  23  2:49  Marine  
  24  2:56  Marine  
  25  2:59  Marine  
  25  3:00  Marine  
  25  3:01  Bunker  
  25  3:03  Orbital Command  
  27  3:08  Barracks Tech Lab  
  27  3:12  Engineering Bay  
  27  3:16  Marine  
  28  3:26  SCV  
  29  3:29  Marine, Stimpack  
  30  3:37  Marine x2  
  30  3:38  SCV  
  30  3:40  SCV  
  35  3:47  Marine  
  35  3:48  Barracks Tech Lab  
  35  3:50  SCV  
  35  3:51  Terran Infantry Weapons Level 1  
  35  3:54  SCV  
  36  4:00  Supply Depot  
  37  4:02  SCV  
  37  4:06  Marine x3  
  37  4:09  Combat Shields  
  40  4:17  Missile Turret  
  40  4:21  Missile Turret  
  41  4:26  Marine x2  
  41  4:29  Marauder  
  41  4:31  Marauder  
  46  4:35  SCV  
  46  4:36  SCV  
  48  4:44  Marine x2  
  50  4:52  Marauder  
  52  4:55  Marauder  
  52  4:57  Supply Depot  
  54  5:00  Supply Depot  
  54  5:07  Supply Depot  
  54  5:14  Refinery  
  54  5:17  Refinery  
  54  5:18  Marine x2  
  54  5:19  SCV x2, Marauder  
  54  5:20  Marauder  
  62  5:30  Factory  
  62  5:31  SCV x2  
  64  5:43  SCV x2  
  64  5:48  Supply Depot  
  66  5:55  SCV x2  
  66  5:56  Marine  
  66  5:57  Marauder x2, Marine  
  73  5:58  Concussive Shells  
  65  6:17  Marine x2  
  65  6:18  Marauder, Marine  
  64  6:27  SCV x2  
  64  6:30  Factory Reactor  
  66  6:34  Starport  
  66  6:35  Marine  
  67  6:49  SCV x2, Command Center  
  71  6:54  Marauder  
  71  6:55  Supply Depot  
  71  6:56  Supply Depot  
  71  7:01  SCV x2  
  73  7:13  SCV x2  
  73  7:14  Refinery  
  75  7:17  Marauder x2, Marine x2  
  75  7:20  Terran Infantry Armor Level 1  
  75  7:22  Medivac  
  83  7:24  Medivac  
  85  7:31  SCV x2  
  85  7:35  Factory Reactor  
  87  7:48  Engineering Bay  
  87  7:49  Armory  
  87  7:58  SCV x2  
  89  8:00  Marauder x2, Marine x2, Missile Turret  
  89  8:03  Missile Turret  
  95  8:10  Barracks  
  95  8:11  Widow Mine x2  
  95  8:12  Barracks  
  99  8:18  Orbital Command  
  99  8:22  SCV x2  
  101  8:31  Supply Depot  
  101  8:32  Widow Mine  
  101  8:33  Widow Mine  
  101  8:34  SCV x2  
  107  8:35  Marauder, Marine  
  107  8:39  Marauder  
  112  8:43  Medivac  
  112  8:45  Medivac  
  112  8:46  SCV  
  117  8:54  Supply Depot, Widow Mine x2  
  121  8:57  Supply Depot  
  121  9:03  Marauder x2  
  121  9:04  Barracks Tech Lab x2  
  125  9:10  Ghost Academy  
  125  9:13  Marine  
  125  9:18  Marine  
  125  9:19  Widow Mine  
  128  9:24  Marauder x2  
  128  9:29  Marauder x2  
  128  9:31  Marine  
  137  9:35  Refinery  
  137  9:36  Marine, Refinery  
  138  9:39  Supply Depot  
  138  9:45  Marine x2  
  137  9:49  Marine x2  
  129  10:01  Marine  
  129  10:02  Marauder  
  129  10:03  Marauder  
  129  10:04  Marauder  
  129  10:06  Marine  
Show
View Real Time Build Order
Export as new Build Order

HoldTheDoor Protoss 

Build Orders: Double Forge 

Get SALT Encoding   

  12  0:01  Probe  
  13  0:13  Probe  
  14  0:17  Pylon  
  14  0:25  Probe  
  15  0:34  Probe  
  15  0:36  Gateway  
  15  0:42  Assimilator, Probe  
  17  0:56  Probe  
  17  1:03  Gateway  
  18  1:08  Probe  
  19  1:12  Assimilator  
  19  1:20  Probe  
  20  1:30  Cybernetics Core  
  20  1:32  Probe  
  21  1:37  Pylon  
  21  1:44  Probe  
  22  1:57  Probe  
  23  2:06  Stalker  
  23  2:07  Stalker  
  27  2:09  Probe  
  27  2:14  Pylon  
  28  2:16  Warp Gate  
  28  2:21  Probe  
  29  2:33  Probe  
  28  2:45  Probe  
  28  2:50  Stalker  
  30  2:57  Probe  
  31  3:02  Pylon  
  31  3:09  Stalker, Probe  
  34  3:15  Robotics Facility  
  34  3:21  Probe  
  35  3:33  Probe  
  36  3:56  Immortal  
  36  4:01  Nexus  
  36  4:04  Pylon  
  36  4:07  Probe  
  41  4:15  Pylon  
  41  4:19  Probe  
  42  4:27  Forge  
  42  4:34  Forge  
  42  4:35  Probe  
  43  4:39  Observer  
  43  4:42  Pylon  
  44  4:47  Probe  
  44  4:48  Protoss Ground Armor Level 1, Protoss Shields Level 1  
  44  4:50  Sentry x2  
  49  4:59  Probe  
  50  5:18  Probe x2  
  52  5:25  Immortal  
  56  5:30  Probe  
  57  5:38  Photon Cannon  
  57  5:48  Twilight Council  
  57  5:56  Stalker x2  
  61  6:03  Shield Battery  
  57  6:04  Pylon  
  45  6:13  Protoss Ground Armor Level 2  
  40  6:20  Stalker x2, Immortal  
  44  6:49  Probe x2  
  44  6:50  Pylon  
  44  6:51  Stalker, Gateway  
  44  6:54  Gateway  
  48  6:56  Stalker  
  50  7:01  Probe  
  50  7:04  Shield Battery  
  50  7:06  Probe  
  52  7:14  Probe  
  53  7:17  Stalker  
  53  7:19  Stalker  
  53  7:20  Probe  
  58  7:24  Assimilator  
  58  7:26  Probe  
  59  7:33  Immortal  
  63  7:45  Probe x2  
  63  7:47  Assimilator  
  65  7:51  Zealot x2, Pylon  
  65  7:54  Charge  
  65  7:57  Probe  
  70  8:09  Adept x2  
  70  8:12  Immortal  
  78  8:16  Probe x2  
  80  8:21  Pylon  
  80  8:24  Shield Battery  
  80  8:29  Probe x2  
  82  8:40  Protoss Ground Weapons Level 1  
  82  8:48  Pylon  
  82  9:17  Pylon  
  82  9:20  Nexus  
  82  9:22  Pylon  
  82  9:25  Pylon  
  82  9:28  Assimilator  
  82  9:35  Stalker x4  
  72  10:00  Stalker  
  72  10:01  Stalker x3  
  62  10:24  Zealot  
  62  10:25  Zealot x3  
Tags
 
Add a new tag
Caveats
  • Supply blocks, unpowered buildings, or Contaminate may cause inaccurate times.
  • Supply counts are checked every 10 seconds.